 Dungeon Crawl Stone Soup version 0.26.1-2-gb8aa6d0cf2 (webtiles) character file.

Game seed: 15185724074574834618

325 Amplified the Skirmisher (level 6, -1/56 HPs)
             Began as a Minotaur Fighter on Mar 10, 2021.
             Slain by an ogre
             ... wielding a +0 giant club
              (27 damage)
             ... on level 4 of the Dungeon.
             The game lasted 00:03:13 (3371 turns).

Amplified the Skirmisher (Minotaur Fighter)         Turns: 3371, Time: 00:03:14

Health: -1/56      AC:  7    Str: 23    XL:     6   Next: 24%
Magic:  5/5        EV:  7    Int:  5    God:
Gold:   272        SH: 10    Dex:  9    Spells: 5/5 levels left

rFire    . . .     SeeInvis .   f - +0 dagger (elec)
rCold    + . .     Faith    .   c - +0 kite shield
rNeg     + . .     Spirit   .   b - +0 scale mail
rPois    .         Reflect  .   (helmet restricted)
rElec    .         Harm     .   (no cloak)
rCorr    .         Rampage  .   (no gloves)
Will     .....                  (no boots)
Stlth    ..........             (no amulet)
HPRegen  0.18/turn              j - ring of protection from cold
MPRegen  0.09/turn              k - ring of positive energy

@: no status effects
A: retaliatory headbutt, horns 2
a: no special abilities


You were on level 4 of the Dungeon.
You visited 1 branch of the dungeon, and saw 4 of its levels.

You collected 272 gold pieces.

Inventory:

Hand Weapons
 a - a +0 flail
 f - a +0 dagger of electrocution (weapon)
Missiles
 g - 8 javelins (quivered)
Armour
 b - a +0 scale mail (worn)
 c - a +0 kite shield (worn)
Jewellery
 j - a ring of protection from cold (left hand)
 k - a ring of positive energy (right hand)
Wands
 r - a wand of flame (29)
Scrolls
 e - 4 scrolls of teleportation
 h - 2 scrolls of enchant weapon
 i - a scroll of enchant armour {unknown}
 m - a scroll of immolation {unknown}
 n - a scroll of magic mapping {unknown}
 p - 2 scrolls of remove curse
 q - a scroll of amnesia {unknown}
Potions
 d - 2 potions of curing
 l - a potion of heal wounds {unknown}
 o - a potion of might


   Skills:
 * Level 5.5 Fighting
 * Level 4.7 Maces & Flails
 + Level 4.6 Armour
 * Level 5.4 Shields


You had 5 spell levels left.
You didn't know any spells.
Your spell library was empty.

Dungeon Overview and Level Annotations

Branches:
Dungeon (4/15)
 Temple: D:4-7

Altars:
Fedhas
Wu Jian


Innate Abilities, Weirdness & Mutations

You reflexively headbutt those who attack you in melee.
You have a pair of horns on your head.


Message History

The ogre shouts!
An ogre is nearby!
You barely miss the ogre. You headbutt the ogre.
The ogre is lightly wounded.
The ogre hits you with a +0 giant club!
You hit the ogre but do no damage. You headbutt the ogre!
The ogre is heavily wounded.
The ogre hits you with a +0 giant club!!
You are too injured to fight recklessly!
Unknown command.
Okay, then.
Okay, then.
Sorry, you're not good enough to have a special ability.
Unknown command.
You see here an adder corpse.
A ball python comes into view.
You hit the ogre.
The ogre is heavily wounded.
The ogre hits you with a +0 giant club!!
You die...

#....# #.# #.# ##.##.#
#.# #.# ##...#.## #.#
#.# #.###...## #.# #.#
#....# #.# #.###....#
#.# ##..†#.#.#
#.#########.#.#
#.######......@OS..#.#
###
#........###########.##
#.. ########.# #..# #.#
#######.# ##.# #.#
#.......# #.# #.# ##
#.####### #.# #.# #.
#.# #.# #.###. #.#
#.####.##.. #.#
#...†......


You could see an ogre and a ball python.

Vanquished Creatures
  A howler monkey (D:4)
  An orc priest (D:4)
  A gnoll shaman (D:4)
  Terence (D:2)
  A worker ant (D:4)
  6 adders
  2 oozes (D:1)
  5 worms
  3 dart slugs
  4 leopard geckos
  11 orcs
  7 bats
  3 giant cockroaches
  7 goblins
  5 hobgoblins
  8 jackals
  10 kobolds
  6 frilled lizards
  6 rats
88 creatures vanquished.

Notes
Turn   | Place    | Note
-------+----------+-------------------------------------------
     0 | D:1      | Amplified the Minotaur Fighter began the quest for the Orb.
     0 | D:1      | Reached XP level 1. HP: 19/19 MP: 0/0
   348 | D:1      | Reached XP level 2. HP: 27/27 MP: 1/1
   654 | D:2      | Reached XP level 3. HP: 32/33 MP: 2/2
   671 | D:2      | Noticed Terence
   701 | D:2      | Killed Terence
   705 | D:2      | Reached XP level 4. HP: 26/41 MP: 3/3
   869 | D:2      | Found a faded altar of an unknown god.
  2059 | D:3      | Reached XP level 5. HP: 47/47 MP: 4/4
  2376 | D:3      | Reached skill level 5 in Shields
  2538 | D:3      | Found an ornate altar of the Wu Jian Council.
  2734 | D:4      | Found a blossoming altar of Fedhas.
  2744 | D:4      | Reached skill level 5 in Fighting
  3011 | D:4      | Reached XP level 6. HP: 45/56 MP: 5/5
  3371 | D:4      | Slain by an ogre

Illustrated notes

Levels and vault maps discovered:
D:1:      kennysheep_arrival_forest, layout_basic
D:2:      layout_basic, chequers_ecumenical_altar_twisty,
          kennysheep_generic_room_13, uniq_terence
D:3:      minmay_spotlight, layout_loops_corners, general_overflow_altar
D:4:      cheibrodos_greedy_goblins, layout_loops_ring, minmay_misc_feat_rows,
          fedhas_altar_3

Skill      XL: |  1  2  3  4  5 |
---------------+----------------+-----
Fighting       | 4 5 |  5.5
Shields        | 4 5 |  5.4
Maces & Flails | 3 4 |  4.7
Armour         | 4 |  4.6

Action                   |  1- 3 |  4- 6 || total
-------------------------+-------+-------++-------
Melee: Flail             |    53 |    26 ||    79
       Headbutt          |     6 |    29 ||    35
       Dagger            |       |   129 ||   129
Evoke: Wand              |       |     7 ||     7
  Use: Scroll            |     2 |     3 ||     5
       Potion            |     1 |     1 ||     2
Armor: Scale mail        |    37 |    43 ||    80
Dodge: Dodged            |    21 |    40 ||    61
Block: Kite shield       |    38 |    83 ||   121
